 Dungeon Crawl Stone Soup version 0.29.1-1-gd02db6906a (webtiles) character file.

Game seed: 16475388971188351518

2884 LabCoat the Cleaver (level 9, -6/79 HPs)
             Began as a Hill Orc Fighter on Sept 16, 2022.
             Mangled by a hornet (11 damage)
             ... on level 7 of the Dungeon.
             The game lasted 00:16:38 (6972 turns).

LabCoat the Cleaver (Hill Orc Fighter)              Turns: 6972, Time: 00:16:39

Health: -6/79      AC: 10    Str: 23    XL:     9   Next: 77%
Magic:  9/9        EV:  6    Int:  8    God:
Gold:   377        SH:  0    Dex: 10    Spells: 8/8 levels left

rFire   + . .      SeeInvis .   a - +0 war axe
rCold   x . .      Faith    .   A - +0 tower shield
rNeg    . . .      Spirit   .   b - +0 scale mail
rPois   .          Reflect  .   o - +0 helmet
rElec   .          Harm     .   (no cloak)
rCorr   .          Rampage  .   (no gloves)
Will    .....                   x - +0 pair of boots
Stlth   ..........              k - amulet of the acrobat
HPRegen 0.23/turn               r - ring of fire
MPRegen 0.11/turn               (no ring)

@: confused, lethally poisoned (-6 -> -11), ambrosia-drunk, slowed, studying
Stealth, very slow
A: no striking features
a: no special abilities


You were on level 7 of the Dungeon.
You visited 2 branches of the dungeon, and saw 8 of its levels.

You collected 377 gold pieces.

Inventory:

Hand Weapons
 a - a +0 war axe (weapon)
 u - a +0 flail
 y - a +2 mace of protection
Missiles
 v - 2 boomerangs (quivered)
Armour
 b - a +0 scale mail (worn)
 c - a +0 buckler
 o - a +0 helmet (worn)
 x - a +0 pair of boots (worn)
 A - a +0 tower shield (worn)
Jewellery
 k - an amulet of the acrobat (around neck)
 r - a ring of fire (left hand)
Wands
 n - a wand of flame (15)
 q - a wand of roots (9)
Scrolls
 d - a scroll of immolation
 f - a scroll of amnesia
 h - a scroll of summoning
 l - 3 scrolls of teleportation
 m - a scroll of fear
 s - a scroll of brand weapon {unknown}
 B - a scroll of magic mapping {unknown}
 C - a scroll of fog {unknown}
 E - a scroll of vulnerability {unknown}
Potions
 e - 2 potions of cancellation
 g - a potion of invisibility
 i - 2 potions of brilliance
 j - 4 potions of flight
 t - 2 potions of berserk rage
 w - a potion of might
 z - a potion of heal wounds
 D - a potion of curing {unknown}


   Skills:
 + Level 7.3 Fighting
 * Level 10.2 Axes
 + Level 2.6 Throwing
 + Level 6.6 Armour
 + Level 6.6 Shields
 + Level 4.5 Evocations


You had 8 spell levels left.
You didn't know any spells.
Your spell library contained the following spells:

 Spells                   Type           Power      Damage    Failure   Level
 Summon Small Mammal      Summ           0%         N/A       100%        1
 Call Canine Familiar     Summ           0%         N/A       100%        3
 Summon Guardian Golem    Hex/Summ       0%         N/A       100%        3


Dungeon Overview and Level Annotations

Branches:
Dungeon (7/15)             Temple (1/1) D:5

Altars:
Ashenzari
Fedhas
Gozag
Hepliaklqana
Kikubaaqudgha
Makhleb
Ru
Sif Muna
Uskayaw
Vehumet
Xom
Yredelemnul

Annotations:
D:3 3 runed translucent doors, Goaboa's ghost, amateur OpVM


Message History

The hornet stings you.
You are more poisoned.
You feel as though you will be slow longer.
You can move again.
You slash the hornet!
The hornet is heavily wounded.
You feel extremely sick. You block the hornet's attack. x3
You closely miss the hornet.
The hornet is heavily wounded.
You feel very sick. The hornet stings you!
You are more poisoned.
You feel as though you will be slow longer.
You block the hornet's attack. The hornet barely misses you.
You are confused.
You feel invigorated.
You feel extremely sick. The hornet stings you.
You feel as though you will be slow longer.
The hornet stings you!
* * * LOW HITPOINT WARNING * * *
You feel as though you will be slow longer.
You bump into the rock wall.
You feel very sick. The hornet barely misses you. The hornet stings you!
* * * LOW HITPOINT WARNING * * *
You feel as though you will be slow longer.
The hornet completely misses you.
You hit the hornet but do no damage.
The hornet is heavily wounded.
You feel very sick. The hornet stings you!
* * * LOW HITPOINT WARNING * * *
You feel as though you will be slow longer.
The hornet stings you.
* * * LOW HITPOINT WARNING * * *
You feel as though you will be slow longer.
The hornet stings you!
You die...

####.########
#........... #
#)# #...........
# #.#
#######..........
####.#####
.....#..........
.........#
....#..........
.....##.##
...#..........
....<# ).
KK#..........
........ K.[
#y#..........
♣♣♣♣♣.... ..
#@#..........
♣.... .
#.#..........
♣...
#............ ...
####+##+#####


You could see a hornet and 2 kobolds.

Vanquished Creatures
  Pikel (D:4)
  An unseen horror (D:6)
  Sigmund (D:6)
  A wraith (D:6)
  Menkaure (D:4)
  A black bear (D:4)
  A water moccasin (D:6)
  2 sky beasts
  An ice beast (D:6)
  An ogre (D:5)
  A phantom (D:5)
  A kobold brigand (D:7)
  Blork the orc (D:6)
  A bullfrog (D:6)
  2 necrophages
  A scorpion (D:7)
  5 hounds
  2 orc priests (D:6)
  A gnoll bouda (D:5)
  Jessica (D:2)
  5 orc wizards
  2 iguanas (D:6)
  Ijyb (D:4)
  Robin (D:2)
  8 adders
  5 gnolls (D:5)
  3 shadow imps
  A white imp (D:6)
  An adder zombie (D:3)
  3 worms
  3 dart slugs
  12 orcs
  5 endoplasms
  2 giant cockroaches
  13 goblins
  12 hobgoblins
  8 jackals
  5 quokkas
  3 ball pythons
  6 bats
  5 frilled lizards
  A jackal zombie (D:3)
  15 kobolds
  5 rats
  A spectral goblin (D:5)
153 creatures vanquished.

Vanquished Creatures (others)
  An orc wizard (D:5)
  2 orcs (D:5)
  3 jackals (D:5)
  A quokka (D:5)
  3 fungi (D:3)
  7 plants
17 creatures vanquished.

Grand Total: 170 creatures vanquished

Notes
Turn   | Place    | Note
-------+----------+-------------------------------------------
     0 | D:1      | LabCoat the Hill Orc Fighter began the quest for the Orb.
     0 | D:1      | Reached XP level 1. HP: 19/19 MP: 1/1
    98 | D:1      | Reached skill level 3 in Axes
   102 | D:1      | Reached XP level 2. HP: 23/27 MP: 2/2
   288 | D:1      | Reached XP level 3. HP: 33/33 MP: 3/3
   372 | D:1      | Found a faded altar of an unknown god.
   865 | D:2      | Reached skill level 4 in Axes
   887 | D:2      | Reached XP level 4. HP: 40/40 MP: 4/4
  1063 | D:2      | Noticed Jessica
  1072 | D:2      | Killed Jessica
  1143 | D:2      | Noticed Robin
  1174 | D:2      | Killed Robin
  1175 | D:2      | Reached XP level 5. HP: 32/47 MP: 5/5
  1686 | D:3      | Identified the +7 quarterstaff of the Shifting Viper {elec,
                  | *Slow rElec Dex+8 Stlth-}
  1706 | D:3      | Found a radiant altar of Vehumet.
  1742 | D:3      | Reached skill level 5 in Axes
  1885 | D:3      | Found a runed translucent gate.
  1886 | D:3      | Found a runed translucent gate.
  1888 | D:3      | Found a runed translucent gate.
  1890 | D:3      | Noticed a kobold brigand
  1890 | D:3      | Noticed Goaboa's ghost (amateur OpVM)
  2103 | D:3      | Found a basalt altar of Yredelemnul.
  2577 | D:4      | Noticed Ijyb
  2584 | D:4      | Killed Ijyb
  2641 | D:4      | Noticed a black bear
  2654 | D:4      | Killed a black bear
  2655 | D:4      | Reached skill level 1 in Evocations
  2655 | D:4      | Reached XP level 6. HP: 4/55 MP: 6/6
  3056 | D:4      | Reached skill level 5 in Fighting
  3178 | D:4      | Noticed Menkaure
  3382 | D:4      | Reached skill level 6 in Axes
  3707 | D:4      | Noticed Pikel
  3727 | D:4      | Killed Pikel
  3728 | D:4      | Reached skill level 7 in Axes
  3728 | D:4      | Reached skill level 5 in Armour
  3728 | D:4      | Reached skill level 5 in Shields
  3728 | D:4      | Reached XP level 7. HP: 54/62 MP: 7/7
  4055 | D:4      | Killed Menkaure
  4056 | D:4      | Reached XP level 8. HP: 37/70 MP: 8/8
  4330 | D:5      | Entered Level 5 of the Dungeon
  4332 | D:5      | Found the +7 Throatcutter {drain, coup de grace}
  4375 | D:5      | Found a staircase to the Ecumenical Temple.
  4387 | Temple   | Entered the Ecumenical Temple
  4431 | D:5      | Reached skill level 8 in Axes
  4837 | D:5      | Found a hazy altar of Hepliaklqana.
  5418 | D:6      | Reached skill level 1 in Throwing
  5456 | D:6      | Noticed Blork the orc
  5470 | D:6      | Killed Blork the orc
  5471 | D:6      | Reached XP level 9. HP: 17/78 MP: 9/9
  5816 | D:6      | Reached skill level 9 in Axes
  6138 | D:6      | Killed an unseen horror
  6396 | D:6      | Found a sacrificial altar of Ru.
  6547 | D:6      | Noticed Sigmund
  6558 | D:6      | Killed Sigmund
  6658 | D:7      | Reached skill level 10 in Axes
  6951 | D:7      | Noticed a hornet
  6965 | D:7      | Paralysed by a hornet for 3 turns
  6972 | D:7      | Mangled by a hornet

Illustrated notes

Levels and vault maps discovered:
D:1:      dpeg_arrival_long_road, layout_loops_ring,
          hellmonk_ecumenical_altar_heavens_door
D:2:      layout_basic, st_stairs_1, uniq_jessica, uniq_robin
D:3:      layout_loops_ring, vehumet_altar_wand_db,
          lemuel_zombie_altar_yredelemnul, gammafunk_ghost_nasty_kobolds
D:4:      layout_loops_cross, minivault_11, uniq_ijyb, uniq_menkaure, uniq_pikel
D:5:      layout_cave_pools, nicolae_hepliaklqana_monster_ancestors,
          minmay_temple_entry_junction, grunt_ministairs_3,
          roderic_serpentine_path, serial_bayou_lagoon_a, lemuel_flamethrower_2
D:6:      layout_rooms, mainiacjoe_overflow_alcove_4, minmay_manual_mess,
          uniq_blork_the_orc, uniq_sigmund
D:7:      layout_basic, good_gods_temple_1, pdpol_wu_jian_five_deadly_venoms,
          serial_shops, nicolae_shop_waterfront, shop_statue,
          kennysheep_little_box, wad_mini_maze
Temple:   hellmonk_temple_rainy

Skill      XL: |  1  2  3  4  5  6  7  8  9 |
---------------+----------------------------+-----
Axes           | 3 4 5 7 8 10 | 10.2
Fighting       | 4 5 6 7 |  7.3
Shields        | 4 5 6 |  6.6
Armour         | 4 5 6 |  6.6
Evocations     | 1 2 3 4 |  4.5
Throwing       | 1 2 |  2.6

Action                   |  1- 3 |  4- 6 |  7- 9 || total
-------------------------+-------+-------+-------++-------
Melee: War axe           |    94 |   215 |   198 ||   507
Throw: Boomerang         |       |       |    15 ||    15
Evoke: Wand              |       |       |    10 ||    10
  Use: Scroll            |     3 |     9 |     4 ||    16
       Potion            |       |     3 |     4 ||     7
Armor: Scale mail        |    64 |    84 |    85 ||   233
Dodge: Dodged            |    40 |   116 |    53 ||   209
Block: Buckler           |    15 |    45 |     7 ||    67
       Tower shield      |       |       |   105 ||   105
